 Dungeon Crawl Stone Soup version 0.30-b1-5-g8e6c1be481 (webtiles) character file.

Game seed: 1034742870382070052

830 Mysteryquy the Shield-Bearer (level 7, 0/55 (60) HPs)
             Began as a Gnoll Fighter on May 4, 2023.
             Was an Initiate of Hepliaklqana.
             Slain by a wight
             ... wielding a +5 hand axe
              (5 damage)
             ... on level 5 of the Dungeon.
             The game lasted 00:09:04 (4994 turns).

Mysteryquy the Shield-Bearer (Gnoll Fighter)        Turns: 4994, Time: 00:09:05

HP:   0/55 (60)     AC: 12    Str: 15    XL:     7   Next: 97%
MP:   11/11         EV: 14    Int: 15    God:    Hepliaklqana [......]
Gold: 413           SH:  5    Dex: 10    Spells: 11/11 levels left

rFire   . . .        a - +1 war axe
rCold   . . .        c - +0 buckler
rNeg    . . .        b - +0 scale mail
rPois   .            (no helmet)
rElec   .            i - +0 cloak
rCorr   .            e - +0 pair of gloves
SInv    .            (no boots)
Will    .....        (no amulet)
Stlth   +            d - +5 ring of evasion
HPRegen 0.29/turn    (no ring)
MPRegen 0.12/turn

%: no passive effects
@: drained
A: fangs 1, strong nose, distributed training, iridescent scales 1, clever 2,
wild magic 1
a: Renounce Religion


You were on level 5 of the Dungeon.
You worshipped Hepliaklqana.
Hepliaklqana was noncommittal.
You visited 2 branches of the dungeon, and saw 7 of its levels.

You collected 427 gold pieces.
You spent 14 gold pieces at shops.

Inventory:

Hand Weapons
 a - a +1 war axe (weapon)
Armour
 b - a +0 scale mail (worn)
 c - a +0 buckler (worn)
 e - a +0 pair of gloves (worn)
 i - a +0 cloak (worn)
Jewellery
 d - a +5 ring of evasion (left hand)
 f - a ring of ice
Wands
 q - a wand of iceblast (9)
Scrolls
 g - a scroll of fear
 l - 2 scrolls of poison
 m - a scroll of enchant weapon
 p - 4 scrolls of identify
 s - 2 scrolls of teleportation
Potions
 h - 6 potions of heal wounds
 k - a potion of mutation
 o - a potion of curing


   Skills:
 + Level 7.2 Fighting
 + Level 2.9 Short Blades
 + Level 2.9 Long Blades
 + Level 5.5 Axes
 + Level 2.9 Maces & Flails
 + Level 2.9 Polearms
 + Level 2.9 Staves
 + Level 2.9 Ranged Weapons
 + Level 2.9 Throwing
 + Level 7.2 Armour
 + Level 2.9 Dodging
 + Level 2.9 Stealth
 + Level 7.2 Shields
 + Level 2.9 Unarmed Combat
 + Level 2.9 Spellcasting
 + Level 2.3 Conjurations
 + Level 2.3 Hexes
 + Level 2.3 Summonings
 + Level 2.3 Necromancy
 + Level 2.3 Translocations
 + Level 2.3 Transmutations
 + Level 2.3 Fire Magic
 + Level 2.3 Ice Magic
 + Level 2.3 Air Magic
 + Level 2.3 Earth Magic
 + Level 2.3 Poison Magic
 + Level 3.2 Invocations
 + Level 2.9 Evocations


You had 11 spell levels left.
You didn't know any spells.
Your spell library contained the following spells:

 Spells                   Type           Power      Damage    Failure   Level
 Apportation              Tloc           24%        N/A       41%         1
 Foxfire                  Conj/Fire      48%        2x1d6     41%         1
 Magic Dart               Conj           48%        1d5       41%         1
 Momentum Strike          Conj/Tloc      24%        3d8       52%         2
 Searing Ray              Conj           24%        2d5       52%         2
 Gell's Gravitas          Tloc           12%        N/A       75%         3
 Flame Wave               Conj/Fire      12%        2d6       98%         4
 Fulminant Prism          Conj/Hex       6%         3d7       98%         4
 Alistair's Intoxication  Tmut/Pois      8%         N/A       100%        5
 Borgnjor's Vile Clutch   Necr/Erth      6%         N/A       100%        5
 Summon Forest            Summ/Tloc      6%         N/A       100%        5
 Disjunction              Tloc           6%         N/A       100%        8
 Fire Storm               Conj/Fire      6%         8d2       100%        9


Dungeon Overview and Level Annotations

Branches:
Dungeon (6/15)             Temple (1/1) D:5

Altars:
Ashenzari
Cheibriados
Dithmenos
Elyvilon
Fedhas
Gozag
Hepliaklqana
Kikubaaqudgha
Makhleb
Nemelex Xobeh
Okawaru
Qazlal
Ru
Trog
Uskayaw
Vehumet
Wu Jian
Xom
Yredelemnul
Zin

Shops:
D:2 !


Innate Abilities, Weirdness & Mutations

You have very sharp teeth.
Your uncanny sense of smell can sniff out nearby items.
Your experience applies equally to all skills.
You are partially covered in iridescent scales. (AC +2)
Your mind is very acute. (Int +8, Str/Dex -2)
Your spells are a little harder to cast, but a little more powerful.


Message History

The wight hits you with a +3 spear.
You feel drained. You block the wight's attack.
You hit the wight.
You destroy the wight!
Your life force feels restored.
Things that are here:
a +3 spear; a +0 robe
There is a stone staircase leading down here. 2 wights come into view.
A wight comes into view. It is wielding a +2 trident.
There is a stone staircase leading up here.
The wight hits you from afar with a +0 trident!
You feel drained. The wight barely misses you.
The wight hits you from afar with a +2 trident!
The wight hits you with a +5 hand axe.
You feel drained. The wight attacks as you move away!
The wight hits you with a +0 trident. The wight barely misses you.
You block the wight's attack. The wight attacks as you move away!
You block the wight's attack.
Things that are here:
a +3 spear; a +0 robe The wight attacks as you move away!
The wight hits you with a +5 hand axe! The wight attacks as you move away!
You block the wight's attack. The wight attacks as you move away!
The wight hits you but does no damage. The wight attacks as you move away!
The wight closely misses you. The wight attacks as you move away!
You block the wight's attack. The wight attacks as you move away!
The wight hits you with a +5 hand axe.
You feel drained.
There is a stone staircase leading up here.
You climb upwards.
There is a stone staircase leading down, spattered with blood here.
You hit the wight but do no damage. You bite the wight, but do no damage.
The wight hits you with a +5 hand axe!
* * * LOW HITPOINT WARNING * * *
You feel drained.
* * * LOW HITPOINT WARNING * * *
You barely miss the wight. The wight misses you.
You closely miss the wight. The wight hits you with a +5 hand axe.
You die...

#....##.#.######.#...###..
#########.)##.#.....'..#..## #..
#..........##.#.....'..#..# #..
##.............#.######.#.#####..
.............#.#.._..#8'8.#...#..
...............##...⌠#........#..
............##..######........#..
..#########.##................#..
..#########....z@##########...#..
.................# #...#.#
..################ #...#.#
###########################...#.#
..................[............<.
###############################.#
#.. #.. #..


You could see a wight.

Vanquished Creatures
  4 lemures (D:5)
  2 phantoms
  2 scorpions
  A wight (D:6)
  2 jellies (D:6)
  A gnoll bouda (D:4)
  3 orc priests
  2 hounds (D:5)
  2 iguanas (D:5)
  An orc wizard (D:4)
  4 gnolls (D:2)
  6 adders
  A shadow imp (D:5)
  An ufetubus (D:5)
  A worm (D:2)
  3 dart slugs
  8 orcs
  3 ball pythons
  6 endoplasms
  2 giant cockroaches (D:3)
  8 goblins
  5 hobgoblins
  8 jackals
  11 kobolds
  7 quokkas
  A bat (D:1)
  5 frilled lizards
  9 rats
109 creatures vanquished.

Vanquished Creatures (others)
  5 plants
5 creatures vanquished.

Grand Total: 114 creatures vanquished

Notes
Turn   | Place    | Note
-------+----------+-------------------------------------------
     0 | D:1      | Mysteryquy the Gnoll Fighter began the quest for the Orb.
     0 | D:1      | Reached XP level 1. HP: 23/23 MP: 1/1
   220 | D:1      | Reached XP level 2. HP: 29/29 MP: 2/2
   834 | D:2      | Reached XP level 3. HP: 35/35 MP: 2/4
   889 | D:2      | Reached skill level 1 in Invocations
  1046 | D:2      | Reached skill level 1 in Short Blades
  1046 | D:2      | Reached skill level 1 in Long Blades
  1046 | D:2      | Reached skill level 1 in Maces & Flails
  1046 | D:2      | Reached skill level 1 in Polearms
  1046 | D:2      | Reached skill level 1 in Staves
  1046 | D:2      | Reached skill level 1 in Ranged Weapons
  1046 | D:2      | Reached skill level 1 in Throwing
  1046 | D:2      | Reached skill level 1 in Dodging
  1046 | D:2      | Reached skill level 1 in Stealth
  1046 | D:2      | Reached skill level 1 in Unarmed Combat
  1046 | D:2      | Reached skill level 1 in Spellcasting
  1046 | D:2      | Reached skill level 1 in Evocations
  1052 | D:2      | Reached XP level 4. HP: 36/41 MP: 5/5
  1058 | D:2      | Reached skill level 1 in Conjurations
  1058 | D:2      | Reached skill level 1 in Hexes
  1058 | D:2      | Reached skill level 1 in Summonings
  1058 | D:2      | Reached skill level 1 in Necromancy
  1058 | D:2      | Reached skill level 1 in Translocations
  1058 | D:2      | Reached skill level 1 in Transmutations
  1058 | D:2      | Reached skill level 1 in Fire Magic
  1058 | D:2      | Reached skill level 1 in Ice Magic
  1058 | D:2      | Reached skill level 1 in Air Magic
  1058 | D:2      | Reached skill level 1 in Earth Magic
  1058 | D:2      | Reached skill level 1 in Poison Magic
  1392 | D:2      | Found Etilehuff's Distillery.
  1395 | D:2      | Bought a potion of degeneration for 14 gold pieces
  1533 | D:3      | Reached XP level 5. HP: 35/47 MP: 5/7
  2360 | D:4      | Got the Information on the Well-Done Boulder
  2396 | D:4      | Found a shimmering altar of Xom.
  2592 | D:3      | Reached skill level 5 in Axes
  2592 | D:3      | Reached XP level 6. HP: 53/53 MP: 7/9
  3230 | D:4      | Gained mutation: You are partially covered in iridescent
                  | scales. (AC +2) [potion of mutation]
  3230 | D:4      | Gained mutation: Your mind is acute. (Int +4, Str/Dex -1)
                  | [potion of mutation]
  3230 | D:4      | Gained mutation: Your spells are a little harder to cast,
                  | but a little more powerful. [potion of mutation]
  3230 | D:4      | Gained mutation: Your mind is very acute. (Int +8, Str/Dex
                  | -2) [potion of mutation]
  3262 | D:5      | Entered Level 5 of the Dungeon
  3286 | D:5      | Found a large runed translucent door.
  3287 | D:5      | Found a large runed translucent door.
  3362 | D:5      | Got the Incunabulum of Transportation
  3387 | D:5      | Found a stormy altar of Qazlal.
  3559 | D:5      | Found a staircase to the Ecumenical Temple.
  3585 | D:5      | Reached XP level 7. HP: 56/60 MP: 10/10
  3597 | Temple   | Entered the Ecumenical Temple
  3597 | Temple   | Found a transporter.
  3597 | Temple   | Found a transporter.
  3599 | Temple   | Found a transporter.
  3599 | Temple   | Found a transporter.
  3714 | Temple   | Became a worshipper of Hepliaklqana the Forgotten
  3785 | D:5      | Found an opulent altar of Gozag.
  4501 | D:5      | Found a sparkling altar of Nemelex Xobeh.
  4515 | D:5      | Found a bloodstained altar of Trog.
  4994 | D:5      | Slain by a wight

Illustrated notes

Levels and vault maps discovered:
D:1:      mainiacjoe_arrival_reflecting_pool, layout_basic
D:2:      layout_loops_ring, serial_shops, nicolae_shop_real_fake_doors
D:3:      layout_loops_ring, kennysheep_generic_room_9
D:4:      layout_rooms, mainiacjoe_overflow_alcove_1, serial_bayou,
          serial_bayou_pond_a, serial_bayou_pond_b, serial_bayou_pond_c,
          serial_bayou_pond_a, minmay_bisected
D:5:      layout_basic, nicolae_qazlal_general_emergency, grunt_gozag_statues,
          jmf_multi_god_temple2, minmay_temple_entry_grid, serial_bayou,
          serial_bayou_shore_a, serial_bayou_pond_c, serial_bayou_crossing,
          serial_bayou_lake_a
D:6:      layout_cave_pods, gammafunk_ghost_abyssal_escape, uniq_grinder,
          uniq_pikel
Temple:   hellmonk_temple_divided_pantheon

Skill      XL: |  1  2  3  4  5  6  7 |
---------------+----------------------+-----
Invocations    | 1 2 3 |  3.2
Short Blades   | 1 2 |  2.9
Long Blades    | 1 2 |  2.9
Maces & Flails | 1 2 |  2.9
Polearms       | 1 2 |  2.9
Staves         | 1 2 |  2.9
Ranged Weapons | 1 2 |  2.9
Throwing       | 1 2 |  2.9
Dodging        | 1 2 |  2.9
Stealth        | 1 2 |  2.9
Unarmed Combat | 1 2 |  2.9
Spellcasting   | 1 2 |  2.9
Evocations     | 1 2 |  2.9
Conjurations   | 1 2 |  2.3
Hexes          | 1 2 |  2.3
Summonings     | 1 2 |  2.3
Necromancy     | 1 2 |  2.3
Translocations | 1 2 |  2.3
Transmutations | 1 2 |  2.3
Fire Magic     | 1 2 |  2.3
Ice Magic      | 1 2 |  2.3
Air Magic      | 1 2 |  2.3
Earth Magic    | 1 2 |  2.3
Poison Magic   | 1 2 |  2.3
Axes           | 5 |  5.5
Fighting       | 7 |  7.2
Armour         | 7 |  7.2
Shields        | 7 |  7.2

Action                     |  1- 3 |  4- 6 |  7- 9 || total
---------------------------+-------+-------+-------++-------
  Melee: War axe           |    60 |   175 |   126 ||   361
         Bite              |     4 |    11 |    10 ||    25
    Use: Scroll            |     3 |     3 |     1 ||     7
         Potion            |     3 |     3 |       ||     6
 Armour: Scale mail        |    24 |    55 |    63 ||   142
  Dodge: Dodged            |    29 |   120 |    90 ||   239
  Block: Buckler           |    16 |    49 |    37 ||   102
